 Dungeon Crawl Stone Soup version 0.28-b1-25-g9875b3fc8c (webtiles) character file.

Game seed: 17993324503616266435

31 chmiii the Cudgeller (level 3, 0/33 HPs)
             Began as a Hill Orc Monk on Feb 1, 2022.
             Succumbed to an adder's poison
             ... on level 2 of the Dungeon.
             The game lasted 00:04:25 (1405 turns).

chmiii the Cudgeller (Hill Orc Monk)                Turns: 1405, Time: 00:04:25

Health: 0/33       AC:  2    Str: 15    XL:     3   Next: 22%
Magic:  3/3        EV: 12    Int: 10    God:
Gold:   95         SH:  0    Dex: 13    Spells: 2/2 levels left

rFire   . . .      SeeInvis .   a - +0 mace
rCold   . . .      Faith    .   (no shield)
rNeg    . . .      Spirit   .   b - +0 robe
rPois   .          Reflect  .   (no helmet)
rElec   .          Harm     .   (no cloak)
rCorr   .          Rampage  .   (no gloves)
Will    .....                   (no boots)
Stlth   ++........              (no amulet)
HPRegen 0.11/turn               (no ring)
MPRegen 0.08/turn               (no ring)

@: lethally poisoned (0 -> -10)
A: no striking features
a: no special abilities


You were on level 2 of the Dungeon.
You visited 1 branch of the dungeon, and saw 2 of its levels.

You collected 95 gold pieces.

Inventory:

Hand Weapons
 a - a +0 mace (weapon)
Missiles
 e - 6 poisoned darts (quivered)
Armour
 b - a +0 robe (worn)
Scrolls
 c - 2 scrolls of identify {unknown}
 i - a scroll of holy word {unknown}
Potions
 d - 3 potions of lignification {unknown}
 f - a potion of degeneration {unknown}
 g - a potion of flight {unknown}
 h - a potion of curing {unknown}


   Skills:
 + Level 4.0 Fighting
 * Level 4.1 Maces & Flails
 + Level 1.2 Armour
 - Level 2.4 Dodging
 - Level 1.5 Stealth


You had 2 spell levels left.
You didn't know any spells.
Your spell library was empty.

Dungeon Overview and Level Annotations

Branches:
Dungeon (2/15)

Altars:

Shops:
D:1 [


Message History

The giant cockroach barely misses you.
You hit the giant cockroach.
The giant cockroach is heavily wounded.
The giant cockroach misses you. The giant cockroach bites you.
You thump the giant cockroach!
You kill the giant cockroach!
d - 3 murky orange potions (gained 1)
You now have 95 gold pieces (gained 11).
i - a scroll labelled CUBRIC BOKKUMP An adder comes into view.
The adder hisses angrily.
You miss the adder. The adder bites you.
You are poisoned.
The adder poisons you! The adder bites you.
You are more poisoned.
The adder poisons you!
You barely miss the adder.
You feel very sick. The adder barely misses you.
You sock the adder!
The adder is severely wounded.
You feel sick. The adder barely misses you. The adder bites you.
You are more poisoned.
The adder poisons you!
You are too injured to fight recklessly!
You are too injured to fight recklessly!
You are too injured to fight recklessly!
You are too injured to fight recklessly!
You closely miss the adder.
The adder is severely wounded.
You feel very sick. The adder bites you.
* * * LOW HITPOINT WARNING * * *
You are more poisoned.
The adder poisons you! The adder barely misses you.
* * * LOW HITPOINT WARNING * * *
You feel very sick.
* * * LOW HITPOINT WARNING * * *
You feel very sick.
You die...

.....# #.#.## .# .....#
#.#..##.# .....# #........
.....####### #........
...........### #........
##.#####.....# #........
##.#.........# #........
.....##......#####S.......
.....##.##......@........#
.....##.##############...#
.....##....)......<..# ..#
.........# #######.#.# .#
.........#########.#.# #
...........†.......#.#
.........###########.#
.....................#
.........#############


You could see an adder.

Vanquished Creatures
  2 bats (D:1)
  An endoplasm (D:1)
  A giant cockroach (D:2)
  4 goblins (D:1)
  6 hobgoblins
  4 kobolds (D:1)
  A quokka (D:1)
  4 ball pythons (D:1)
  2 frilled lizards (D:1)
  4 rats
29 creatures vanquished.

Notes
Turn   | Place    | Note
-------+----------+-------------------------------------------
     0 | D:1      | chmiii the Hill Orc Monk began the quest for the Orb.
     0 | D:1      | Reached XP level 1. HP: 19/19 MP: 1/1
   131 | D:1      | Reached XP level 2. HP: 27/27 MP: 2/2
   623 | D:1      | Reached skill level 1 in Armour
   656 | D:1      | Found a faded altar of an unknown god.
   834 | D:1      | Found Dilesua's Armour Shoppe.
   848 | D:1      | Reached XP level 3. HP: 24/33 MP: 3/3
  1405 | D:2      | Succumbed to an adder's poison

Illustrated notes

Levels and vault maps discovered:
D:1:      dpeg_arrival_renting, layout_basic, serial_shops, shop,
          shapermc_ecumenical_altar_starsandcircs
D:2:      layout_basic

Skill      XL: |  1  2 |
---------------+-------+-----
Armour         | 1 |  1.2
Fighting       | 4 |  4.0
Maces & Flails | 4 |  4.1
Dodging        | |  2.4
Stealth        | |  1.5

Action                   || total
-------------------------++-------
Melee: Mace              ||    97
       Punch             ||     2
 Stab: Sleeping          ||     2
Armor: Robe              ||    18
Dodge: Dodged            ||    60
